 Dungeon Crawl Stone Soup version 0.30-a0-782-ge64f9170bb (webtiles) character file.

Game seed: 4587969244683226281

15330 funkygono the Severer (level 12, 0/110 HPs)
             Began as a Minotaur Fighter on Mar 14, 2023.
             Was a High Priest of Okawaru.
             Slain by a reaper
             ... wielding a +0 scythe of freezing
              (29 damage)
             ... in an ice cave.
             The game lasted 00:21:42 (9312 turns).

funkygono the Severer (Minotaur Fighter)            Turns: 9312, Time: 00:21:42

Health: 0/110      AC: 18    Str: 24    XL:     12   Next: 0%
Magic:  11/12      EV: 17    Int:  5    God:    Okawaru [*****.]
Gold:   704        SH:  6    Dex: 12    Spells: 11/11 levels left

rFire   . . .      SeeInvis +    a - +1 war axe
rCold   . . .      Faith    .    c - +0 buckler
rNeg    . . .      Spirit   .    M - +6 scale mail "Kitefyzetz" {+Inv Will- rCorr Slay+4}
rPois   .          Reflect  .    e - +2 hat
rElec   .          Harm     .    (no cloak)
rCorr   +          Rampage  .    y - +1 Delatra's gloves {ID++}
Will    .....                    (no boots) Stlth
                                 u - amulet of regeneration
HPRegen 1.18/turn                s - ring of see invisible
MPRegen 0.13/turn                D - +5 ring of evasion

@: no status effects
A: horns 2, retaliatory headbutt
a: Renounce Religion, Evoke Invisibility, Heroism, Finesse, Duel


You were in an ice cave.
You worshipped Okawaru.
Okawaru was extremely pleased with you.
You visited 1 branch of the dungeon, and saw 12 of its levels.
You also visited: Ossuary and Ice Cave.

You collected 704 gold pieces.

Inventory:

Hand Weapons
 a - a +1 war axe (weapon)
Missiles
 o - 2 silver javelins (quivered)
Armour
 c - a +0 buckler (worn)
 e - a +2 hat (worn)
 i - +0 acid dragon scales
 y - the +1 Delatra's gloves (worn) {ID++}
   (You found it on level 4 of the Dungeon)

   ID++:      It heals its wearer when they drink unknown potions, and restores
   their MP when they read unknown scrolls.
 E - a +4 ring mail of fire resistance
 M - the +6 scale mail "Kitefyzetz" (worn) {+Inv Will- rCorr Slay+4}
   (Okawaru gifted it to you in an ice cave)

   Slay:      It affects your accuracy & damage with ranged weapons and melee
   (+4).
   +Inv:      It lets you turn invisible.
   rCorr:     It protects you from acid and corrosion.
   Will:      It decreases your willpower.
 N - a +2 scale mail of cold resistance
Jewellery
 j - an amulet of reflection
 s - a ring of see invisible (left hand)
 u - an amulet of regeneration (around neck)
 w - an amulet of guardian spirit
 z - a ring of poison resistance
 A - a ring of resist corrosion
 D - a +5 ring of evasion (right hand)
 H - a ring of wizardry
Wands
 b - a wand of light (4)
 v - a wand of paralysis (8)
 F - a wand of iceblast (5)
 I - a wand of digging (3)
Scrolls
 f - 2 scrolls of amnesia
 g - 2 scrolls of enchant armour
 p - 3 scrolls of teleportation
 q - 3 scrolls of fog
 r - 3 scrolls of identify
 t - 2 scrolls of fear
 L - a scroll of enchant weapon
Potions
 d - 4 potions of might
 h - 4 potions of lignification
 l - 4 potions of ambrosia
 m - 3 potions of resistance
 n - 2 potions of flight
 x - 4 potions of curing
 B - 2 potions of magic
 C - 2 potions of cancellation
 G - a potion of haste
 J - a potion of brilliance
 K - 2 potions of mutation


   Skills:
 + Level 11.0 Fighting
 + Level 15.7 Axes
 + Level 0.1 Throwing
 + Level 9.1 Armour
 + Level 6.5 Dodging
 + Level 1.4 Stealth
 + Level 8.5 Shields
 + Level 2.3 Invocations


You had 11 spell levels left.
You didn't know any spells.
Your spell library contained the following spells:

 Spells                   Type           Power      Damage    Failure   Level
 Sandblast                Erth           0%         2d4       80%         1
 Cigotuvi's Dreadful Rot  Necr/Pois/Air  0%         N/A       91%         2
 Passwall                 Tmut/Erth      0%         N/A       91%         2
 Poisonous Vapours        Pois/Air       0%         N/A       91%         2
 Static Discharge         Conj/Air       0%         2-2/arc   91%         2
 Frozen Ramparts          Ice            0%         1d1       99%         3
 Mephitic Cloud           Conj/Pois/Air  0%         N/A       99%         3
 Stone Arrow              Conj/Erth      0%         3d7       99%         3
 Vhi's Electric Charge    Tloc/Air       0%         N/A       99%         3
 Anguish                  Hex/Necr       0%         N/A       100%        4
 Ice Form                 Ice/Tmut       0%         N/A       100%        4
 Arcjolt                  Conj/Air       0%         1d10      100%        5
 Blade Hands              Tmut           0%         N/A       100%        5
 Lightning Bolt           Conj/Air       0%         1d11      100%        5
 Iron Shot                Conj/Erth      0%         9d1       100%        6
 Enfeeble                 Hex            0%         N/A       100%        7
 Storm Form               Tmut/Air       0%         N/A       100%        7
 Maxwell's Capacitive Co  Air            0%         ∞         100%        8
 Animate Armour           Summ/Erth      Unusable   N/A       N/A         4
 Summon Ice Beast         Ice/Summ       Unusable   N/A       N/A         4
 Summon Lightning Spire   Summ/Air       Unusable   N/A       N/A         4

Dungeon Overview and Level Annotations

Branches:
Dungeon (12/15)            Temple (0/1) D:7            Lair (0/5) D:8
    Orc (0/2) D:12        Ossuary (visited)           IceCv (1/1)

Altars:
Dithmenos
Gozag
Kikubaaqudgha
Makhleb
Nemelex Xobeh
Okawaru
Sif Muna
Vehumet
Wu Jian
Xom
Yredelemnul
Zin

Shops:
D:1 (   D:12 [


Innate Abilities, Weirdness & Mutations

You have a pair of horns on your head.
You reflexively headbutt those who attack you in melee.


Message History

The reaper freezes you!
* * * LOW HITPOINT WARNING * * *
You slice the dire elephant simulacrum!!
You headbutt the dire elephant simulacrum!
The dire elephant simulacrum is severely damaged.
The reaper barely misses you.
The dire elephant simulacrum tramples you but does no damage.
The dire elephant simulacrum closely misses you.
You hit the dire elephant simulacrum.
The dire elephant simulacrum is severely damaged.
The reaper hits you from afar with a +0 scythe of freezing!
* * * LOW HITPOINT WARNING * * *
The reaper freezes you!
* * * LOW HITPOINT WARNING * * *
You slash the dire elephant simulacrum!
The dire elephant simulacrum vaporises!
Okawaru accepts your kill.
You have reached level 12!
You feel agile.
Unknown command.
Unknown command.
You feel much better.
The reaper hits you from afar with a +0 scythe of freezing.
* * * LOW HITPOINT WARNING * * *
The reaper freezes you.
* * * LOW HITPOINT WARNING * * *
Really walk into that cloud of freezing vapour?
Okay, then.
You feel like a meek peon again. Why would you want to do that?
Unknown command.
The reaper hits you with a +0 scythe of freezing.
* * * LOW HITPOINT WARNING * * *
The reaper freezes you.
* * * LOW HITPOINT WARNING * * *
You hit the reaper.
The reaper is lightly wounded.
The reaper smiles without lips.
The reaper hits you with a +0 scythe of freezing!!
You die...

#.#..⌠..##
#.....## #.##...##
≈≈≈ ##...#### ###≈
###....#### ##≈≈
###...#.. #≈≈# ###
###....
#≈.###.######
#####
##@##.#.#...## #
##2.###.....# ##
###..##...######.
#.○.##..#####....
#.2.###..####.....
#.... ##...#....##
##... ###....###
###. #####..## $.
#.#..


You could see a reaper.

Vanquished Creatures
  A centaur warrior (D:12)
  A boulder beetle (D:11)
  A necromancer (D:10)
  A deep elf pyromancer (D:6)
  An ugly thing (D:11)
  A cyclops (D:10)
  An ice statue (IceCv)
  A komodo dragon (D:8)
  Maggie (D:6)
  A kobold demonologist (D:11)
  5 unseen horrors
  An ice devil (IceCv)
  2 anaconda simulacra (IceCv)
  4 trolls
  A dire elephant simulacrum (IceCv)
  3 wraiths
  A shadow (D:11)
  A wyvern (D:7)
  Sigmund (D:2)
  9 yaks
  Eustachio (D:6)
  Grum (D:8)
  A basilisk (D:12)
  2 death yak simulacra (IceCv)
  2 vampire mosquitoes (D:11)
  Edmund (D:4)
  3 acid dragons
  A hydra simulacrum (IceCv)
  2 water moccasins
  An ice beast (D:6)
  4 black bears
  4 centaurs
  4 wolves (D:8)
  A necrophage (D:6)
  A scorpion (D:6)
  7 bullfrogs
  3 cane toad simulacra (IceCv)
  4 water moccasin zombies (Ossuary)
  8 two-headed ogre simulacra (IceCv)
  8 wights
  2 elephant simulacra (IceCv)
  3 howler monkeys
  3 electric eels (D:11)
  2 jellies
  7 hounds
  An orc priest (D:9)
  A gnoll bouda (D:7)
  4 orc wizards (D:11)
  4 spriggan simulacra (IceCv)
  2 troll simulacra (IceCv)
  An iguana (D:6)
  2 yak simulacra (D:10)
  4 polar bear simulacra
  4 wolf simulacra
  2 mummies (Ossuary)
  Robin (D:2)
  4 adders
  6 naga simulacra (IceCv)
  3 shadow imps
  20 white imps
  2 ufetubi (IceCv)
  6 adder zombies (Ossuary)
  5 worms
  4 dart slugs
  15 orcs
  4 bats
  6 endoplasms
  A giant cockroach (D:3)
  2 gnoll zombies (Ossuary)
  14 goblins
  12 hobgoblins
  7 jackals
  3 quokkas
  4 ball pythons
  3 frilled lizards
  6 hobgoblin zombies (Ossuary)
  5 kobolds
  6 kobold zombies (Ossuary)
  4 orc zombies (Ossuary)
  8 rats
  5 river rat simulacra (D:10)
  A spectral orc (D:4)
296 creatures vanquished.

Vanquished Creatures (others)
  A human (D:4)
  58 plants
59 creatures vanquished.

Grand Total: 355 creatures vanquished

Notes
Turn   | Place    | Note
-------+----------+-------------------------------------------
     0 | D:1      | funkygono the Minotaur Fighter began the quest for the Orb.
     0 | D:1      | Reached XP level 1. HP: 19/19 MP: 0/0
   302 | D:1      | Reached XP level 2. HP: 27/27 MP: 1/1
   346 | D:1      | Found Niaciah's Antique Weapon Boutique.
   682 | D:2      | Reached skill level 3 in Axes
   829 | D:2      | Reached XP level 3. HP: 33/33 MP: 2/2
   920 | D:2      | Noticed Robin
   934 | D:2      | Killed Robin
  1110 | D:2      | Noticed Sigmund
  1127 | D:2      | Reached XP level 4. HP: 35/40 MP: 3/3
  1132 | D:2      | Killed Sigmund
  1133 | D:2      | Reached skill level 5 in Axes
  1133 | D:2      | Reached XP level 5. HP: 27/47 MP: 4/4
  1647 | D:3      | Found a faded altar of an unknown god.
  1769 | D:3      | Found a burning altar of Makhleb.
  1792 | D:3      | Reached XP level 6. HP: 55/55 MP: 5/5
  1855 | D:3      | Reached skill level 5 in Fighting
  1862 | D:3      | Found a radiant altar of Vehumet.
  2113 | D:4      | Found a basalt altar of Yredelemnul.
  2146 | D:4      | Found the +1 Delatra's gloves {ID++}
  2161 | D:4      | Reached skill level 6 in Axes
  2199 | D:4      | Found an ancient bone altar of Kikubaaqudgha.
  2199 | D:4      | Noticed a human
  2204 | D:4      | Killed a human
  2431 | D:4      | Found an iron altar of Okawaru.
  2437 | D:4      | Became a worshipper of Warmaster Okawaru
  2461 | D:4      | Found an ornate altar of the Wu Jian Council.
  2591 | D:4      | Found a sand-covered staircase.
  2600 | Ossuary  | Entered an ossuary
  2640 | Ossuary  | Reached skill level 7 in Axes
  2640 | Ossuary  | Reached XP level 7. HP: 60/61 MP: 6/6
  2703 | Ossuary  | Reached skill level 5 in Armour
  2853 | D:4      | Noticed Edmund
  2865 | D:4      | Killed Edmund
  3622 | D:5      | Entered Level 5 of the Dungeon
  3701 | D:5      | Reached skill level 8 in Axes
  3701 | D:5      | Reached skill level 1 in Dodging
  3825 | D:5      | Reached * piety under Okawaru
  3839 | D:5      | Reached XP level 8. HP: 71/71 MP: 7/7
  4129 | D:5      | Found a glowing silver altar of Zin.
  4228 | D:5      | Reached skill level 5 in Shields
  4541 | D:6      | Reached skill level 9 in Axes
  4570 | D:6      | Noticed Maggie
  4583 | D:6      | Killed Maggie
  4583 | D:6      | Reached ** piety under Okawaru
  4680 | D:6      | Noticed Eustachio
  4691 | D:6      | Killed Eustachio
  4737 | D:6      | Reached skill level 10 in Axes
  4737 | D:6      | Reached XP level 9. HP: 79/79 MP: 8/8
  4758 | D:6      | Noticed a deep elf pyromancer
  4763 | D:6      | Killed a deep elf pyromancer
  4960 | D:6      | Found an opulent altar of Gozag.
  5085 | D:7      | Found a staircase to the Ecumenical Temple.
  5154 | D:7      | Reached *** piety under Okawaru
  5215 | D:7      | Reached skill level 11 in Axes
  5236 | D:7      | Reached skill level 1 in Invocations
  5465 | D:8      | Found a shimmering blue altar of Sif Muna.
  5471 | D:8      | Noticed Grum
  5481 | D:8      | Killed Grum
  5505 | D:8      | Reached XP level 10. HP: 84/90 MP: 9/9
  5508 | D:8      | Reached skill level 12 in Axes
  5586 | D:8      | Reached **** piety under Okawaru
  5894 | D:8      | Found a sparkling altar of Nemelex Xobeh.
  5975 | D:8      | Found a shadowy altar of Dithmenos.
  6035 | D:8      | Found a staircase to the Lair.
  6443 | D:9      | Reached skill level 13 in Axes
  7106 | D:10     | Entered Level 10 of the Dungeon
  7106 | D:10     | Found a shimmering altar of Xom.
  7148 | D:10     | Reached ***** piety under Okawaru
  7223 | D:10     | Noticed a cyclops
  7233 | D:10     | Killed a cyclops
  7234 | D:10     | Reached skill level 1 in Stealth
  7303 | D:10     | Reached skill level 5 in Dodging
  7345 | D:10     | Reached skill level 14 in Axes
  7420 | D:10     | Noticed a necromancer
  7429 | D:10     | Killed a necromancer
  7430 | D:10     | Reached XP level 11. HP: 43/99 MP: 11/11
  7771 | D:11     | Noticed a cyan ugly thing
  7781 | D:11     | Killed a cyan ugly thing
  7813 | D:11     | Reached skill level 10 in Fighting
  8176 | D:11     | Noticed a boulder beetle
  8205 | D:11     | Killed a boulder beetle
  8606 | D:12     | Reached skill level 15 in Axes
  8616 | D:12     | Found Beixiod's Armour Shoppe.
  8620 | D:12     | Noticed a centaur warrior
  8630 | D:12     | Killed a centaur warrior
  8632 | D:12     | Reached ****** piety under Okawaru
  8670 | D:12     | Found a frozen archway.
  8691 | IceCv    | Entered an ice cave
  9136 | IceCv    | Identified the +6 scale mail "Kitefyzetz" {+Inv Will- rCorr
                  | Slay+4} (Okawaru gifted it to you in an ice cave)
  9136 | IceCv    | Received a gift from Okawaru
  9291 | IceCv    | Noticed a reaper
  9304 | IceCv    | HP: 2/102 [reaper/+0 scythe of freezing (7)]
  9306 | IceCv    | Reached XP level 12. HP: 3/110 MP: 10/12
  9312 | IceCv    | Slain by a reaper

Illustrated notes

Levels and vault maps discovered:
D:1:      lightli_arrival_isolated_outpost, layout_basic, serial_shops, shop
D:2:      layout_rooms, uniq_sigmund, uniq_robin
D:3:      layout_rooms, marbit_many_paths, mainiacjoe_overflow_tiny_flanked,
          hellmonk_ecumenical_altar_lost_god
D:4:      layout_loops_ring, okawaru_gym_becter, tgw_kikubaaqudgha,
          yredelemnul_forgotten_temple_becter, mainiacjoe_overflow_24_doors,
          serial_forest, infiniplex_forest_straight_3,
          infiniplex_forest_lined_room_2, infiniplex_forest_lined_3_way,
          infiniplex_forest_zigzag_2, infiniplex_forest_join,
          infiniplex_forest_clump_tiny, infiniplex_forest_lined_3,
          enter_ossuary_1, grunt_decor_arrowhead,
          nicolae_elevator_lobby_asterisk, uniq_edmund
D:5:      layout_basic, mainiacjoe_overflow_alcove_4, serial_bayou,
          serial_bayou_pond_b, serial_bayou_lagoon_b, serial_bayou_lake_a,
          serial_bayou_crossing, serial_bayou_ford_a
D:6:      layout_rooms, grunt_gozag_breadcrumbs, guppyfry_early_elven_hall,
          uniq_eustachio, uniq_maggie
D:7:      layout_rooms, minmay_temple_entry_glass, kennysheep_generic_room_14
D:8:      layout_basic, nicolae_dithmenos_through_a_glass_darkly,
          kennysheep_little_box, nemelex_diamond_rough_becter,
          david_lair_shrubbed, hangedman_decor_diamond_cutter, uniq_grum
D:9:      layout_loops_ring
D:10:     layout_basic, xom_butterflies, minmay_misc_feat_room,
          eino_house_with_fridge
D:11:     layout_basic
D:12:     wad_river_or_something, layout_long_grid, erik_orc_1,
          portal_ice_cave_entry_imps, serial_shops, shop
IceCv:    ice_cave_caverns_01

Skill      XL: |  1  2  3  4  5  6  7  8  9 10 11 |
---------------+----------------------------------+-----
Fighting       | 4 5 6 7 8 9 11 | 11.0
Axes           | 3 5 7 8 10 11 14 15 | 15.7
Armour         | 4 5 6 7 9 |  9.1
Shields        | 4 5 6 7 8 |  8.5
Dodging        | 1 2 3 5 6 |  6.5
Invocations    | 1 2 |  2.3
Stealth        | 1 |  1.4
Throwing       | |  0.1

Action                     |  1- 3 |  4- 6 |  7- 9 | 10-12 || total
---------------------------+-------+-------+-------+-------++-------
  Melee: War axe           |    55 |    96 |   255 |   398 ||   804
         Headbutt          |     5 |     9 |    48 |   102 ||   164
  Throw: Javelin           |     2 |     1 |       |       ||     3
 Invoke: Heroism           |       |       |     5 |    10 ||    15
    Use: Scroll            |       |       |    21 |     5 ||    26
         Potion            |       |       |       |     1 ||     1
 Armour: Scale mail        |    38 |    51 |    27 |    12 ||   128
         Ring mail         |       |       |    53 |   108 ||   161
  Dodge: Dodged            |    27 |    47 |   146 |   235 ||   455
  Block: Buckler           |    17 |    14 |    42 |    85 ||   158

Table legend: (Time is in decaauts)
 A = Elapsed time spent in this place.
 B = Non-inter-level travel time spent in this place.
 C = Inter-level travel time spent in this place.
 D = Time resting spent in this place.
 E = Time spent auto-exploring this place.
 F = Levels seen in this place.
 G = Mean time per level.
                   A        B        C        D        E       F      G
               +--------+--------+--------+--------+--------+-----+--------+
         Total |   9411 |   9023 |    388 |    297 |   6290 |  14 |  672.2 |
       Dungeon |   8607 |   8219 |    388 |    172 |   5987 |  12 |  717.2 |
       Ossuary |    210 |    210 |      0 |      0 |      1 |   1 |  210.0 |
      Ice Cave |    593 |    593 |      0 |    125 |    302 |   1 |  593.0 |
               +--------+--------+--------+--------+--------+-----+--------+

Top non-repeatable levels by time:
     D:4: 1438 daAuts
     D:8: 949 daAuts
    D:11: 885 daAuts
     D:5: 860 daAuts
     D:2: 805 daAuts
     D:9: 710 daAuts
     D:1: 679 daAuts
     D:6: 659 daAuts
    D:10: 598 daAuts
   IceCv: 593 daAuts
     D:3: 555 daAuts
     D:7: 369 daAuts
 Ossuary: 210 daAuts
    D:12: 94 daAuts
